 Seeded DCSS version 0.25-a0-310-g60f0ac2 (webtiles) character file.

Game seed: 8985230646667615760, levelgen mode: deterministic

8539 Buxparty the Severer (level 11, 0/88 HPs)
             Began as a Deep Dwarf Fighter on Dec 23, 2019.
             Slain by a killer bee (3 damage)
             ... on level 9 of the Dungeon.
             The game lasted 00:31:28 (7043 turns).

Buxparty the Severer (Deep Dwarf Fighter)           Turns: 7043, Time: 00:31:28

Health: 0/88       AC: 12    Str: 24    XL:     11   Next: 11%
Magic:  2/2        EV:  9    Int:  8    God:
Gold:   572        SH: 12    Dex: 12    Spells: 10/10 levels left

rFire    + . .     SeeInvis .   H - +1 broad axe (freeze)
rCold    . . .     Gourm    .   c - +0 shield
rNeg     + . .     Faith    .   y - +2 scale mail {rC+}
rPois    .         Spirit   .   u - +0 helmet
rElec    .         Reflect  .   o - scarf {cloud immunity}
rCorr    .         Harm     .   z - +1 pair of gloves
MR       +....                  (no boots)
Stlth    ..........             x - amulet of regeneration
HPRegen  0.00/turn              s - ring of positive energy
MPRegen  0.08/turn              n - ring of fire

@: lethally poisoned (0 -> -117), non-regenerating
A: damage resistance, heal wounds, sense surroundings 2, no regeneration
a: Heal Wounds


You were on level 9 of the Dungeon.
You were not hungry.

You visited 1 branch of the dungeon, and saw 9 of its levels.

You collected 572 gold pieces.

Inventory:

Hand Weapons
 a - a +0 war axe
 j - a +2 dagger of flaming
 l - a +1 long sword of electrocution
 E - a +2 dagger of flaming
 H - a +1 broad axe of freezing (weapon)
Armour
 b - a +0 scale mail
 c - a +0 shield (worn)
 e - a +0 leather armour of fire resistance
 k - a +0 pair of gloves
 o - a scarf of cloud immunity (worn)
 u - a +0 helmet (worn)
 y - a +2 scale mail of cold resistance (worn)
 z - a +1 pair of gloves (worn)
Jewellery
 g - an uncursed ring of teleportation
 n - a ring of fire (right hand)
 q - an uncursed ring of wizardry
 s - a ring of positive energy (left hand)
 x - an amulet of regeneration (around neck)
 J - an uncursed amulet of guardian spirit {unknown}
 K - an uncursed ring of stealth {unknown}
Wands
 t - a wand of flame (18)
 F - a wand of iceblast (6)
Scrolls
 h - a scroll of teleportation
 m - 10 scrolls of identify
 r - 3 scrolls of enchant armour
 G - a scroll of amnesia
Potions
 d - a potion of might
 i - 2 potions of brilliance
 p - 2 potions of agility
 v - a potion of mutation {unknown}
 w - 2 potions of curing
 A - 2 potions of berserk rage {unknown}
 B - a potion of heal wounds
 C - 2 potions of flight {unknown}
 D - a potion of invisibility
 I - a potion of resistance {unknown}
Comestibles
 f - 12 rations


   Skills:
 - Level 2.7 Fighting
 * Level 15.8 Axes
 - Level 3.2 Armour
 - Level 0.9 Dodging
 - Level 0.4 Stealth
 + Level 9.2 Shields
 - Level 0.2 Unarmed Combat


You had 10 spell levels left.
You didn't know any spells.
Your spell library contained the following spells:

 Spells                   Type           Power        Failure   Level  Hunger
 Animate Skeleton         Necr           N/A          91%         1    ##.....
 Apportation              Tloc           #.....       91%         1    ##.....
 Confusing Touch          Hex            #.....       91%         1    ##.....
 Summon Small Mammal      Summ           #...         91%         1    ##.....


Dungeon Overview and Level Annotations

Branches:
Dungeon (9/15)             Temple (0/1) D:7            Lair (0/6) D:9
    Orc: D:9-12

Altars:
Cheibriados
Elyvilon
Fedhas
Gozag
Hepliaklqana
Kikubaaqudgha
Okawaru
Qazlal
Ru
Uskayaw
Wu Jian
Yredelemnul
The Shining One

Shops:
D:4 [


Innate Abilities, Weirdness & Mutations

You are resistant to damage.
You can heal yourself by infusing magical energy.
You passively map the area around you.
You do not regenerate.


Message History

You feel extremely sick. You block the killer bee's attack.
The killer bee stings you!
* * * LOW HITPOINT WARNING * * *
The killer bee stings you!
* * * LOW HITPOINT WARNING * * *
You are more poisoned.
The killer bee poisons you! You block the killer bee's attack. x2
The killer bee stings you.
* * * LOW HITPOINT WARNING * * *
You are more poisoned.
The killer bee poisons you! The killer bee misses you.
The killer bee stings you but does no damage.
The killer bee stings you!
* * * LOW HITPOINT WARNING * * *
The killer bee closely misses you.
The killer bee stings you but does no damage. x2
The queen bee stings you but does no damage.
The killer bee stings you but does no damage.
The killer bee closely misses you. The killer bee stings you.
You die...

* #... #########.# , * ,
#..############......##.# %*,
#...................##.# #%
,#...................##.# *
#.**#...................##.# *
#.##.#.................##.# * ,
#...#...........<.....##.#
###..#...yyy...........##.# ,,
#...†...yy@y...........##.# ,
,y..........y............###.# ,
.........#####..........# #.. ,
##.......#####..........###..
,>,,.............................
,,.#...........#...(........... ,
#...........#....####.###.## ,
##.....####.#....####.###.##
,......##.................


You could see a queen bee and 6 killer bees.

Vanquished Creatures
  2 two-headed ogres
  Erica (D:8)
  An elephant (D:9)
  Sigmund (D:6)
  2 basilisks (D:9)
  A wyvern (D:8)
  Eustachio (D:6)
  6 yaks (D:9)
  2 hungry ghosts (D:7)
  A water moccasin (D:7)
  An ice beast (D:7)
  Duvessa (D:5)
  3 phantoms
  2 sky beasts
  An orc warrior (D:6)
  2 ogres
  2 black bears (D:8)
  4 centaurs
  A necrophage (D:6)
  2 big kobolds
  3 bullfrogs
  Dowan (D:5)
  7 scorpions
  7 killer bees (D:9)
  5 wights (D:8)
  3 howler monkeys
  3 crimson imps
  A bullfrog zombie (D:6)
  A centaur zombie (D:5)
  A quasit (D:8)
  4 hounds
  5 orc priests
  5 orc wizards
  4 iguanas
  13 worker ants
  A killer bee zombie (D:7)
  2 hound zombies
  A howler monkey zombie (D:7)
  11 adders
  15 gnolls
  A howler monkey skeleton (D:7)
  2 shadow imps
  2 adder zombies (D:5)
  4 oozes
  4 dart slugs
  3 worms
  5 leopard geckos
  19 orcs
  7 giant cockroaches
  2 gnoll zombies (D:2)
  5 hobgoblins
  6 quokkas
  2 ball pythons
  5 bats
  6 frilled lizards
  4 goblins
  17 kobolds
  A leopard gecko skeleton (D:4)
  A leopard gecko zombie (D:9)
  A quokka zombie (D:7)
  10 rats
237 creatures vanquished.

Notes
Turn   | Place    | Note
-------+----------+-------------------------------------------
     0 | D:1      | Buxparty the Deep Dwarf Fighter began the quest for the
                  | Orb.
     0 | D:1      | Reached XP level 1. HP: 20/20 MP: 1/1
   138 | D:1      | Reached XP level 2. HP: 21/27 MP: 2/2
   208 | D:1      | Reached skill level 3 in Axes
   306 | D:1      | Reached XP level 3. HP: 31/33 MP: 3/3
   881 | D:2      | Noticed a scorpion
   887 | D:2      | Killed a scorpion
   887 | D:2      | Reached skill level 4 in Axes
   887 | D:2      | Reached XP level 4. HP: 25/40 MP: 4/4
  1244 | D:2      | Found a basalt altar of Yredelemnul.
  1287 | D:2      | Found a hazy altar of Hepliaklqana.
  1400 | D:2      | Reached XP level 5. HP: 30/46 MP: 4/4
  1473 | D:3      | Reached skill level 5 in Axes
  1562 | D:3      | You fall into a shaft and drop 3 floors!
  1562 | D:6      | Noticed Sigmund
  1605 | D:6      | Killed Sigmund
  1605 | D:6      | Reached skill level 6 in Axes
  1605 | D:6      | Reached XP level 6. HP: 48/55 MP: 4/4
  1627 | D:6      | Reached skill level 7 in Axes
  1687 | D:6      | Reached skill level 5 in Shields
  1687 | D:6      | Reached XP level 7. HP: 37/61 MP: 5/5
  1752 | D:6      | Reached skill level 8 in Axes
  1760 | D:6      | Found a sacrificial altar of Ru.
  1801 | D:6      | Found a white marble altar of Elyvilon.
  1814 | D:5      | Entered Level 5 of the Dungeon
  1853 | D:5      | Found an opulent altar of Gozag.
  1991 | D:4      | Reached skill level 9 in Axes
  2045 | D:4      | Reached XP level 8. HP: 36/68 MP: 6/6
  2930 | D:4      | Found Epagokes's Armour Shop.
  3381 | D:4      | Found an ornate altar of the Wu Jian Council.
  3408 | D:4      | Reached skill level 10 in Axes
  3427 | D:5      | Noticed Dowan
  3427 | D:5      | Noticed Duvessa
  3443 | D:5      | Killed Dowan
  3449 | D:5      | Killed Duvessa
  3884 | D:5      | Found a snail-covered altar of Cheibriados.
  3895 | D:5      | Found a hide-covered altar of Uskayaw.
  4131 | D:5      | Reached skill level 11 in Axes
  4453 | D:6      | Noticed Eustachio
  4501 | D:6      | Killed Eustachio
  4501 | D:6      | Gained mutation: You passively map the area around you.
                  | [Deep Dwarf growth]
  4501 | D:6      | Reached XP level 9. HP: 62/74 MP: 6/6
  4770 | D:6      | Reached skill level 12 in Axes
  5409 | D:7      | Reached skill level 13 in Axes
  5456 | D:7      | Found an ancient bone altar of Kikubaaqudgha.
  5662 | D:7      | Found a staircase to the Ecumenical Temple.
  5988 | D:8      | Reached XP level 10. HP: 44/81 MP: 6/6
  6077 | D:8      | Found a blossoming altar of Fedhas.
  6081 | D:8      | Noticed Erica
  6107 | D:8      | Found a stormy altar of Qazlal.
  6109 | D:8      | Noticed a two-headed ogre
  6196 | D:7      | Killed a two-headed ogre
  6196 | D:7      | Reached skill level 14 in Axes
  6223 | D:8      | Killed Erica
  6402 | D:8      | Found an iron altar of Okawaru.
  6638 | D:8      | Noticed a two-headed ogre
  6649 | D:8      | Killed a two-headed ogre
  6649 | D:8      | Reached skill level 15 in Axes
  6650 | D:8      | Found a glowing golden altar of the Shining One.
  6899 | D:9      | Found a staircase to the Lair.
  6899 | D:9      | Noticed an elephant
  6934 | D:9      | Killed an elephant
  6934 | D:9      | Reached XP level 11. HP: 48/88 MP: 5/5
  7043 | D:9      | HP: 3/88 [killer bee (2)]
  7043 | D:9      | Slain by a killer bee

Levels and vault maps discovered:
D:1:      doesnt_arrival_eight_statues, layout_loops_ring, serial_park_tiny_pond
D:2:      layout_basic, marbit_many_paths, lemuel_zombie_altar_yredelemnul
D:3:      layout_basic
D:4:      layout_loops_cross, kennysheep_mini_moat, serial_shops,
          nicolae_shop_trees, first_ration, minmay_misc_feat_x
D:5:      layout_basic, nicolae_gozag_cash_rules_everything_around_me,
          cheibriados_altar_1, overflow_temple_1_default, uniq_duvessa
D:6:      layout_basic, lemuel_doored_altar, lemuel_round_altar, uniq_eustachio,
          uniq_sigmund
D:7:      layout_basic, kiku_gazebo_pond_becter,
          minmay_temple_entry_proselytizer
D:8:      layout_cave_pools, nicolae_overflow_crystal_walls,
          grunt_qazlal_clouds, nicolae_tso_swordbearing_angel, fedhas_altar_1,
          uniq_erica
D:9:      layout_basic, david_lair_generic, david_nohive_1, minmay_diced_spiral

Skill      XL: |  1  2  3  4  5  6  7  8  9 10 |
---------------+-------------------------------+-----
Axes           | 3 4 6 7 9 11 13 15 | 15.8
Shields        | 4 5 6 7 9 |  9.2
Fighting       | |  2.7
Armour         | |  3.2
Dodging        | |  0.9
Stealth        | |  0.4
Unarmed Combat | |  0.2

Action                   |  1- 3 |  4- 6 |  7- 9 | 10-12 || total
-------------------------+-------+-------+-------+-------++-------
Melee: War axe           |    76 |   113 |   591 |   111 ||   891
       Broad axe         |       |       |       |    82 ||    82
       Unarmed           |       |       |       |     2 ||     2
 Abil: Heal Wounds       |     1 |     6 |    13 |    18 ||    38
  Use: Scroll            |       |       |     9 |     1 ||    10
       Potion            |       |       |     5 |       ||     5
 Stab: Sleeping          |       |     1 |       |       ||     1
       Invisible         |       |       |     2 |       ||     2
  Eat: Chunk             |       |     2 |     8 |     1 ||    11
       Ration            |       |       |     5 |     1 ||     6
Armor: Scale mail        |     2 |       |   212 |   136 ||   350
       Leather armour    |    19 |    29 |    15 |       ||    63
Dodge: Dodged            |    29 |    41 |   172 |   130 ||   372
Block: Shield            |    44 |    69 |   300 |   156 ||   569

Table legend:
 A = Non-vault XP
 B = Vault XP
 C = Vault XP percentage of total XP
 D = Non-vault monster count
 E = Vault monster count
 F = Vault count percentage of total count
                 A         B        C        D         E       F
            +---------+---------+-------+---------+---------+-------
      Total |    8874 |    3325 |  27.3 |     213 |      24 |  10.1
            +---------+---------+-------+---------+---------+-------
        D:1 |      48 |       0 |   0.0 |      24 |       0 |   0.0
        D:2 |     144 |       5 |   3.4 |      26 |       3 |  10.3
        D:3 |     135 |       0 |   0.0 |      15 |       0 |   0.0
        D:4 |     647 |       0 |   0.0 |      24 |       0 |   0.0
        D:5 |     485 |     207 |  29.9 |      20 |       2 |   9.1
        D:6 |    1607 |     409 |  20.3 |      34 |       2 |   5.6
        D:7 |    2365 |      41 |   1.7 |      33 |       1 |   2.9
        D:8 |    2241 |     907 |  28.8 |      29 |       1 |   3.3
        D:9 |    1202 |    1756 |  59.4 |       8 |      15 |  65.2
            +---------+---------+-------+---------+---------+-------
